[Event "Open Cappelle-la-Grande"]
[Date "2025.02.18"]
[White "Houriez, Clement"]
[Black "Karthik Venkataraman"]
[WhiteElo "2276"]
[BlackElo "2600"]
[Round "5.5.6"]
[Result "0-1"]
[TimeControl "40/5400+30:1800+30"]

1. d4 Nf6 2. Nf3 d6 3. c4 g6 4. g3 Bg7 5. Bg2 O-O 6. Nc3 c6 7. O-O Bf5 8. Ne1 e5 9. d5 a5 10. e4 Bg4 11. f3 Bc8 12. Be3 Na6 13. Nd3 h5 14. a3 cxd5 15. cxd5 Bd7 16. a4 b6 17. Rf2 h4 18. Nb5 hxg3 19. hxg3 Qb8 20. Rc2 Nc5 21. Nxc5 bxc5 22. Nxd6 Qxd6 23. Bxc5 Qb8 24. Bxf8 Bxf8 25. Bf1 Kg7 26. Bc4 Bb4 27. Qd3 Qb6+ 28. Kg2 Rh8 29. Rh1 Rxh1 30. Kxh1 Bxa4 31. b3 Bd7 32. Kg2 Nh5 33. Rc1 Bc5 34. d6 Bd4 35. f4 Qxd6 36. fxe5 Qxe5 37. Rd1 Bb6 38. Bxf7 Bg4 0-1

[Variant "Standard"]
[Site "Europe Echecs"]

[Event "Open Cappelle-la-Grande"]
[Date "2025.02.18"]
[White "Pranesh M"]
[Black "Eugene, Nathael"]
[WhiteElo "2586"]
[BlackElo "2276"]
[Round "5.5.7"]
[Result "1-0"]
[TimeControl "40/5400+30:1800+30"]

1. e4 c5 2. Nc3 Nc6 3. Nge2 Nf6 4. d4 cxd4 5. Nxd4 e6 6. Ndb5 d6 7. Bf4 e5 8. Bg5 a6 9. Na3 b5 10. Nd5 Be7 11. Bxf6 Bxf6 12. c3 Ne7 13. Nxf6+ gxf6 14. Nc2 Bb7 15. Bd3 d5 16. Qe2 f5 17. exf5 e4 18. f6 Ng6 19. Qe3 Qxf6 20. Be2 Rg8 21. O-O-O Ne5 22. g3 Qe7 23. Rhe1 Rg6 24. f4 Nd7 25. Qd4 Nf8 26. a4 bxa4 27. Qxa4+ Qd7 28. Qa5 Qd8 29. Qa2 Rd6 30. Bg4 Ng6 31. Qa4+ Kf8 32. Rxe4 f5 33. Bxf5 dxe4 34. Qb4 Ke7 35. Qxb7+ Kf6 36. Rxd6+ Qxd6 37. Bxg6 Rf8 38. Bxe4 Qc5 39. Nd4 Rc8 40. Qxa6+ Kf7 41. Qe6+ Kf8 42. Qf6+ Kg8 43. Bf5 1-0

[Variant "Standard"]
[Site "Europe Echecs"]

[Event "Open Cappelle-la-Grande"]
[Date "2025.02.18"]
[White "Bauer, Christian"]
[Black "Liu, Casper"]
[WhiteElo "2548"]
[BlackElo "2271"]
[Round "5.5.8"]
[Result "1-0"]
[TimeControl "40/5400+30:1800+30"]

1. e4 c5 2. Nf3 d6 3. Bc4 Nf6 4. d3 Nc6 5. c3 g6 6. Bb3 Bg7 7. O-O O-O 8. h3 b5 9. a3 a5 10. d4 Bb7 11. Re1 Nd7 12. Be3 b4 13. Nbd2 bxc3 14. bxc3 cxd4 15. cxd4 Ba6 16. Rc1 Rc8 17. Ba4 Ncb8 18. Qb3 Qb6 19. Qa2 Qb7 20. Bb3 Nb6 21. Rxc8 Qxc8 22. Ng5 Qe8 23. Rb1 N8d7 24. e5 e6 25. Nxf7 Rxf7 26. Bxe6 d5 27. Bxd5 Nxd5 28. Qxd5 Nf8 29. Rb6 Qc8 30. Ne4 Bb7 31. Qxf7+ Kxf7 32. Nd6+ Kg8 33. Nxc8 Bxc8 34. Bd2 a4 35. Bc3 Be6 36. Rd6 Bb3 37. d5 Kf7 38. e6+ Ke7 39. Bxg7 Kxd6 40. Bxf8+ Kc7 41. d6+ Kc8 42. e7 Kd7 43. Bh6 Bf7 44. Bf4 Ke6 45. f3 Be8 46. Kf2 Bb5 47. g4 Kd5 48. Kg3 Ke6 49. Kh4 Kf7 50. Kg5 Bc6 51. Kh6 Bxf3 52. Bg5 Bc6 53. Kxh7 Bd7 54. Kh6 Be8 55. h4 Ke6 56. Kg7 Kxd6 57. Kf8 Kd7 58. Bd2 1-0

[Variant "Standard"]
[Site "Europe Echecs"]

[Event "Open Cappelle-la-Grande"]
[Date "2025.02.18"]
[White "Raja Rithvik R"]
[Black "Daeschler, Florian"]
[WhiteElo "2522"]
[BlackElo "2258"]
[Round "5.5.9"]
[Result "1-0"]
[TimeControl "40/5400+30:1800+30"]

1. d4 d5 2. c4 e6 3. Nc3 Nf6 4. cxd5 exd5 5. Bg5 c6 6. e3 Be7 7. Bd3 Nbd7 8. h3 h6 9. Bf4 Nb6 10. Nf3 Be6 11. O-O O-O 12. Qe2 Rc8 13. Rac1 a6 14. Bg3 Re8 15. Ne5 c5 16. f4 Ne4 17. Bxe4 dxe4 18. Rcd1 c4 19. Nxe4 f6 20. f5 Bd5 21. Nc3 fxe5 22. dxe5 Bc5 23. Kh2 Bb4 24. Nxd5 Nxd5 25. e4 c3 26. Rxd5 Qe7 27. bxc3 Bxc3 28. e6 b5 29. Rd7 Qb4 30. f6 Rxe6 31. Qg4 1-0

[Variant "Standard"]
[Site "Europe Echecs"]

[Event "Open Cappelle-la-Grande"]
[Date "2025.02.18"]
[White "Kurmangaliyeva, Liya"]
[Black "Boyer, Mahel"]
[WhiteElo "2251"]
[BlackElo "2509"]
[Round "5.5.10"]
[Result "0-1"]
[TimeControl "40/5400+30:1800+30"]

1. e4 Nc6 2. Nf3 d6 3. d4 Nf6 4. Nc3 e6 5. Qe2 e5 6. Be3 Bg4 7. dxe5 dxe5 8. Rd1 Qc8 9. h3 Bh5 10. g4 Bg6 11. Bg2 Bb4 12. Nd2 Bxc3 13. bxc3 Qe6 14. O-O O-O 15. a4 Rfd8 16. Bf3 Ne8 17. Nc4 f6 18. Bc5 Nd6 19. Nxd6 cxd6 20. Ba3 Rac8 21. Qb5 b6 22. Qd5 Qxd5 23. Rxd5 Na5 24. Kg2 Nc4 25. Bc1 Bf7 26. Rd3 Be8 27. g5 Bxa4 28. Bd1 Bc6 29. f3 a5 30. Be2 Ba4 31. Rd5 Bxc2 32. Bxc4 Rxc4 33. Be3 Rc6 34. gxf6 gxf6 35. Kf2 Kf7 36. Ra1 a4 37. Rb5 Rb8 38. Ke1 Rxc3 39. Kd2 Rd3+ 40. Ke2 Rb3 41. Rd5 Ke6 42. Rd2 Rc3 0-1

[Variant "Standard"]
[Site "Europe Echecs"]

[Event "Open Cappelle-la-Grande"]
[Date "2025.02.18"]
[White "Eugene, Floryan"]
[Black "Laignel, Quentin"]
[WhiteElo "2468"]
[BlackElo "2242"]
[Round "5.5.11"]
[Result "1/2-1/2"]
[TimeControl "40/5400+30:1800+30"]

1. e4 c6 2. d4 d5 3. e5 Bf5 4. Nd2 e6 5. Nb3 Nd7 6. h4 h5 7. Be2 c5 8. dxc5 Nxc5 9. Nd4 Be4 10. Ngf3 Ne7 11. Ng5 Bg6 12. Nh3 Nd7 13. Bg5 Qb6 14. Nf4 Nxe5 15. Bb5+ N7c6 16. O-O Bd6 17. Re1 O-O 18. Bxc6 bxc6 19. Nxg6 Nxg6 20. Nb3 a5 21. a4 c5 22. Qxh5 c4 23. Be3 Qd8 24. Bg5 Qb6 25. Be3 Qd8 1/2-1/2

[Variant "Standard"]
[Site "Europe Echecs"]

[Event "Open Cappelle-la-Grande"]
[Date "2025.02.18"]
[White "Le Corre, Benjamin"]
[Black "Flom, Gabriel"]
[WhiteElo "2240"]
[BlackElo "2455"]
[Round "5.5.12"]
[Result "0-1"]
[TimeControl "40/5400+30:1800+30"]

1. e4 c5 2. Nf3 e6 3. d4 cxd4 4. Nxd4 a6 5. Bd3 Bc5 6. Nb3 Be7 7. O-O d6 8. a4 Nf6 9. Kh1 Nc6 10. f4 O-O 11. Nc3 e5 12. Nd5 exf4 13. Bxf4 Nxd5 14. exd5 Ne5 15. a5 Bf6 16. Be2 Ng6 17. Bc1 Bd7 18. c3 Re8 19. Bd3 Ne5 20. Bf4 Bg4 21. Be2 Bxe2 22. Qxe2 Ng6 23. Qd3 Nxf4 24. Rxf4 Re5 25. Re4 Qd7 26. Rxe5 Bxe5 27. Nd2 Re8 28. Rf1 g6 29. Ne4 Qd8 30. b4 f5 31. Nd2 Qf6 32. c4 Bc3 33. c5 Bxb4 34. c6 Qc3 35. Qxc3 Bxc3 36. Nc4 bxc6 37. dxc6 Rc8 38. Nxd6 Rxc6 39. Nb7 Rc7 40. Nd8 Bxa5 41. h3 Re7 42. Nc6 Re1 43. Rxe1 Bxe1 44. Kg1 Kf7 45. Kf1 Bg3 46. Ke2 Kf6 47. Kf3 Bd6 48. g4 Ke6 49. gxf5+ gxf5 50. h4 Kd5 51. Na5 Bc7 52. Nb3 a5 53. h5 a4 54. Na1 a3 0-1

[Variant "Standard"]
[Site "Europe Echecs"]

[Event "Open Cappelle-la-Grande"]
[Date "2025.02.18"]
[White "Ringuet, Noe"]
[Black "Prraneeth Vuppala"]
[WhiteElo "2239"]
[BlackElo "2442"]
[Round "5.5.13"]
[Result "1-0"]
[TimeControl "40/5400+30:1800+30"]

1. d4 d5 2. Bf4 e6 3. e3 c5 4. c3 Nc6 5. Nd2 Bd6 6. Bxd6 Qxd6 7. Qg4 Kf8 8. Ngf3 cxd4 9. exd4 Nh6 10. Qh5 Nf5 11. Bd3 g6 12. Qg5 Kg7 13. Bxf5 exf5 14. O-O f6 15. Qe3 f4 16. Qe2 Bd7 17. Rfe1 a6 18. a4 Rhe8 19. Qf1 Ne7 20. Qd3 Nf5 21. a5 Qc7 22. Nb3 Nd6 23. Nc5 Bf5 24. Qd1 Ne4 25. Qb3 Qc6 26. Nxe4 dxe4 27. d5 Qd7 28. Nd4 f3 29. Ra4 Bh3 30. Rb4 Kh6 31. Rxb7 Qg4 32. g3 Bf1 33. Nc2 e3 34. Rb4 exf2+ 35. Kxf2 Qg5 36. Rh4+ Kg7 37. Qb7+ Kf8 38. Ne3 Be2 39. Qb4+ Kg8 40. Qf4 Rab8 41. b4 Qe5 42. Qd4 Qd6 43. Ng4 Rf8 44. Qa7 h5 45. Nh6+ Kh8 46. Nf5 1-0

[Variant "Standard"]
[Site "Europe Echecs"]

[Event "Open Cappelle-la-Grande"]
[Date "2025.02.18"]
[White "Duboue, Peio"]
[Black "Mueer, Sebastian"]
[WhiteElo "2440"]
[BlackElo "2219"]
[Round "5.5.14"]
[Result "1-0"]
[TimeControl "40/5400+30:1800+30"]

1. e4 c5 2. Nf3 e6 3. c3 d5 4. exd5 Qxd5 5. d4 Nf6 6. Na3 Nc6 7. Be3 cxd4 8. Nb5 Qd7 9. Nbxd4 a6 10. Bd3 Bd6 11. O-O O-O 12. Nxc6 Qxc6 13. Bd4 Qc7 14. Re1 b5 15. a4 b4 16. cxb4 Bxb4 17. Bxf6 gxf6 18. Re4 Qa5 19. Rg4+ Kh8 20. Qc1 Bd2 21. Nxd2 Bb7 22. Nf3 Bxf3 23. Qh6 1-0

[Variant "Standard"]
[Site "Europe Echecs"]

[Event "Open Cappelle-la-Grande"]
[Date "2025.02.18"]
[White "Alashtar, Aasef"]
[Black "Barp, Alberto"]
[WhiteElo "2067"]
[BlackElo "2437"]
[Round "5.5.15"]
[Result "0-1"]
[TimeControl "40/5400+30:1800+30"]

1. b3 d5 2. Bb2 c5 3. e3 Nf6 4. Nf3 Nc6 5. Bb5 Bd7 6. O-O g6 7. Bxc6 Bxc6 8. Ne5 Qd6 9. d4 Bg7 10. Nd2 O-O 11. f4 Rac8 12. dxc5 Qxc5 13. Bd4 Qa5 14. c3 Rfd8 15. a4 Be8 16. b4 Qc7 17. Qb3 Nd7 18. Ndf3 Nf8 19. Rfc1 f6 20. Nd3 Bf7 21. a5 Qb8 22. g4 Qd6 23. Qd1 Nd7 24. Bxa7 e5 25. fxe5 fxe5 26. Ng5 Rf8 27. Nxf7 Rxf7 28. Nf2 Qa6 29. Bb6 Nxb6 30. axb6 Qxb6 31. Qxd5 Bh6 32. Rc2 Bxe3 33. Rf1 Qf6 34. Kg2 Rf8 35. Re2 Qf4 36. Rxe3 Qxe3 37. Ne4 Qe2+ 38. Rf2 Qxg4+ 39. Kh1 Qh4 40. Nf6+ Kh8 41. Ne4 Kg8
42. Rxf7 Rxf7 43. Nd6 Qe1+ 44. Kg2 Qe2+ 45. Kg3 Qf2+ 46. Kg4 Qf4+ 47. Kh3 Qf3+ 0-1

[Variant "Standard"]
[Site "Europe Echecs"]

[Event "Open Cappelle-la-Grande"]
[Date "2025.02.18"]
[White "Nikolov, Momchil"]
[Black "Manukonda Arun"]
[WhiteElo "2433"]
[BlackElo "2018"]
[Round "5.5.16"]
[Result "1-0"]
[TimeControl "40/5400+30:1800+30"]

1. e4 c5 2. Nf3 Nc6 3. Bb5 d6 4. d4 cxd4 5. Qxd4 a6 6. Bxc6+ bxc6 7. c4 e5 8. Qd3 Ne7 9. Nc3 Ng6 10. Be3 Be7 11. c5 Qc7 12. cxd6 Bxd6 13. O-O O-O 14. Rac1 f5 15. Nd5 Qb8 16. Nb6 fxe4 17. Qc4+ Kh8 18. Ng5 Nf4 19. Nxa8 h6 20. Bxf4 hxg5 21. Bxg5 Qxa8 22. Qxc6 Qb8 23. Rfd1 e3 24. Bxe3 Be7 25. Qc7 Qb4 26. Rc4 Bd8 27. Qxc8 1-0

[Variant "Standard"]
[Site "Europe Echecs"]

[Event "Open Cappelle-la-Grande"]
[Date "2025.02.18"]
[White "Abergel, Thal"]
[Black "Desmet, Cyprien"]
[WhiteElo "2419"]
[BlackElo "1985"]
[Round "5.5.17"]
[Result "1-0"]
[TimeControl "40/5400+30:1800+30"]

1. c4 Nf6 2. Nf3 c5 3. g3 Nc6 4. Bg2 g6 5. b3 Bg7 6. Bb2 O-O 7. O-O b6 8. d4 cxd4 9. Nxd4 Bb7 10. Nc3 Rb8 11. Nf3 d6 12. Qd2 Qd7 13. Rfd1 Rfd8 14. Nd5 Ne8 15. Bxg7 Nxg7 16. e4 Qe8 17. Qh6 Ne6 18. Qh4 f6 19. Qh6 Ne5 20. Qe3 Rbc8 21. Rd2 Nc7 22. Bh3 Nxd5 23. Be6+ Kg7 24. exd5 Nxf3+ 25. Qxf3 Rc7 26. a4 Qf8 27. g4 Kh8 28. Qf4 a5 29. Qe3 Rc5 30. Re1 Qg7 31. Qd4 h6 32. Rde2 Ba6 33. h4 Kh7 34. h5 f5 35. hxg6+ Kh8 36. Qxg7+ Kxg7 37. Bxf5 Bc8 38. Rxe7+ Kf6 39. Rf7+ Kg5 40. g7 1-0

[Variant "Standard"]
[Site "Europe Echecs"]

[Event "Open Cappelle-la-Grande"]
[Date "2025.02.19"]
[White "Iniyan, Pa"]
[Black "Petriashvili, Nikoloz"]
[WhiteElo "2523"]
[BlackElo "2450"]
[Round "6.6.1"]
[Result "1-0"]
[TimeControl "40/5400+30:1800+30"]

1. d4 Nf6 2. c4 e6 3. Nf3 Bb4+ 4. Bd2 Bxd2+ 5. Qxd2 d5 6. Nc3 O-O 7. e3 Qe7 8. Rc1 Rd8 9. cxd5 exd5 10. Bd3 b6 11. O-O c5 12. b3 Bb7 13. Rfd1 Nbd7 14. Qb2 a6 15. Bf5 Rab8 16. Bxd7 Nxd7 17. dxc5 Nxc5 18. Ne2 Rbc8 19. Nf4 a5 20. h3 h6 21. Nh5 Ne6 22. Qe5 Rxc1 23. Rxc1 f6 24. Qg3 Kh7 25. Nf4 Nc5 26. h4 Qe4 27. Nd4 Re8 28. a3 g5 29. Nh5 Kg6 30. Qc7 Qe7 31. Qxb6 Rc8 32. Nxf6 Qxf6 33. h5+ Kg7 34. Qb5 Ba6 35. Qxa5 Ne6 36. Rxc8 Bxc8 37. Qa7+ Kg8 38. Qa8 Qf8 39. Qxd5 Qc5 40. Qxc5 Nxc5 41. f3 g4 42. b4 Na4 43. Kf2 Bd7 44. Kg3 gxf3 45. gxf3 Nc3 46. e4 Be8 47. Kh4 Bd7 48. e5 Kf7 49. f4 Nb5 50. e6+ Ke7 51. exd7 Nxd4 52. Kg4 Kxd7 53. a4 Kd6 54. a5 Ke6 55. a6 Nb5 56. Kf3 Kd5 57. Ke3 Na7 58. Kd3 Nb5 59. f5 Kc6 60. f6 Nd6 61. b5+ Kb6 62. Kd4 Nf7 63. Kd5 Ng5 64. Kd6 1-0

[Variant "Standard"]
[Site "Europe Echecs"]

[Event "Open Cappelle-la-Grande"]
[Date "2025.02.19"]
[White "Tahay, Alexis"]
[Black "Muthaiah AL"]
[WhiteElo "2386"]
[BlackElo "2474"]
[Round "6.6.2"]
[Result "1/2-1/2"]
[TimeControl "40/5400+30:1800+30"]

1. e4 c6 2. d4 d5 3. e5 c5 4. Nf3 cxd4 5. Qxd4 Nc6 6. Qf4 g6 7. Nc3 d4 8. Bc4 Bf5 9. Ne2 Bh6 10. Qg3 d3 11. cxd3 Bxc1 12. Rxc1 Bxd3 13. O-O Bxc4 14. Rxc4 Qd3 15. Rxc6 bxc6 16. Nf4 Qf5 17. e6 f6 18. Nd4 Qe4 19. Qc3 Rc8 20. g3 c5 21. Nb5 Qb7 22. Qc4 a6 23. Nc3 Nh6 24. Rd1 Nf5 25. Rd7 Rc7 26. b4 Rxd7 27. exd7+ Qxd7 28. bxc5 Qd4 29. Qb3 Qxc5 30. Qb8+ Kd7 31. Qxh8 Qxc3 32. Qxh7 Qe1+ 33. Kg2 Qe4+ 34. f3 Ne3+ 35. Kf2 Nd1+ 36. Kf1 Qe3 37. Qh3+ f5 38. Qg2 Qc1 39. Qe2 Nc3+ 40. Qe1 Qxe1+ 41. Kxe1 Nxa2 42. Nxg6 Nc3 43.
h4 Ke6 44. Nf4+ Kf6 45. Kd2 e5 46. Nd3 Nd5 47. g4 fxg4 1/2-1/2

[Variant "Standard"]
[Site "Europe Echecs"]

[Event "Open Cappelle-la-Grande"]
[Date "2025.02.19"]
[White "Karthik Venkataraman"]
[Black "Abergel, Thal"]
[WhiteElo "2600"]
[BlackElo "2419"]
[Round "6.6.3"]
[Result "0-1"]
[TimeControl "40/5400+30:1800+30"]

1. e4 d6 2. d4 Nf6 3. Nc3 e5 4. Nf3 Nbd7 5. Be2 Be7 6. O-O O-O 7. a4 c6 8. a5 Qc7 9. d5 a6 10. Nd2 b5 11. axb6 Nxb6 12. Nb3 cxd5 13. exd5 Bb7 14. Ra5 Nfd7 15. Be3 f5 16. Ra3 Nf6 17. Na5 Nbd7 18. Qa1 f4 19. Bc1 Bc8 20. Nc6 Nb8 21. Nb5 Qb7 22. Nxe7+ Qxe7 23. c4 Nbd7 24. Nc7 Rb8 25. Nxa6 Bxa6 26. Rxa6 Nc5 27. Ra3 Nb3 28. Qb1 Nd4 29. Qd3 Nd7 30. Qd1 Nc5 31. Re1 Rb3 32. Bf1 Qg5 33. Kh1 Qh4 34. g3 fxg3 35. fxg3 Rxf1+ 36. Rxf1 Qe4+ 37. Kg1 Rxa3 38. Rf2 Ra1 39. Qf1 h6 40. h4 Nd3 0-1

[Variant "Standard"]
[Site "Europe Echecs"]

[Event "Open Cappelle-la-Grande"]
[Date "2025.02.19"]
[White "Wirig, Anthony"]
[Black "Pranesh M"]
[WhiteElo "2419"]
[BlackElo "2586"]
[Round "6.6.4"]
[Result "1/2-1/2"]
[TimeControl "40/5400+30:1800+30"]

1. d4 Nf6 2. Nf3 d5 3. c4 e6 4. Nc3 c6 5. e3 Nbd7 6. Qc2 Bd6 7. Bd3 dxc4 8. Bxc4 O-O 9. O-O Qe7 10. Bb3 e5 11. h3 b5 12. e4 a5 13. a3 Ba6 14. Rd1 Rad8 15. Be3 Bc8 16. d5 Bb7 17. dxc6 Bxc6 18. Nd5 Bxd5 19. Bxd5 b4 20. axb4 Bxb4 21. Rac1 Nxd5 22. Rxd5 Nf6 23. Rxe5 Qb7 24. Rd1 Rxd1+ 25. Qxd1 Nxe4 26. Qd5 Qxd5 27. Rxd5 Rc8 28. Ne5 f6 29. Nd3 Nd2 30. g4 1/2-1/2

[Variant "Standard"]
[Site "Europe Echecs"]

[Event "Open Cappelle-la-Grande"]
[Date "2025.02.19"]
[White "Bauer, Christian"]
[Black "Enchev, Ivajlo"]
[WhiteElo "2548"]
[BlackElo "2407"]
[Round "6.6.5"]
[Result "1-0"]
[TimeControl "40/5400+30:1800+30"]

1. e4 e5 2. Nf3 Nc6 3. Bc4 Bc5 4. d3 Nf6 5. a4 d5 6. exd5 Nxd5 7. a5 a6 8. c3 O-O 9. Qb3 Nf4 10. Bxf4 exf4 11. Nbd2 b5 12. axb6 cxb6 13. d4 Bd6 14. Bd5 Qe7+ 15. Kf1 Qc7 16. Nc4 Rb8 17. Ng5 Na5 18. Qc2 g6 19. Nxd6 Qxd6 20. Ne4 Qc7 21. Qe2 Kg7 22. h4 h5 23. Ng5 Bf5 24. Re1 Rbe8 25. Qxe8 Rxe8 26. Rxe8 Qd7 27. Bxf7 Qb5+ 28. Kg1 Qxb2 29. Bd5 Qb5 30. Re7+ Kf8 31. Re5 Nc6 32. Bxc6 Qxc6 33. Kh2 a5 34. Rhe1 Qd7 35. d5 a4 36. d6 1-0

[Variant "Standard"]
[Site "Europe Echecs"]

[Event "Open Cappelle-la-Grande"]
[Date "2025.02.19"]
[White "Defromont, Benjamin"]
[Black "Raja Rithvik R"]
[WhiteElo "2395"]
[BlackElo "2522"]
[Round "6.6.6"]
[Result "0-1"]
[TimeControl "40/5400+30:1800+30"]

1. e4 c5 2. Nf3 d6 3. d4 cxd4 4. Nxd4 Nf6 5. Nc3 a6 6. Bg5 e6 7. Qe2 Nbd7 8. O-O-O Qc7 9. f4 b5 10. Nd5 exd5 11. exd5+ Be7 12. Nc6 Nb6 13. Bxf6 gxf6 14. Nxe7 Qxe7 15. Qf2 Qd8 16.
Bd3 Kf8 17. g4 Bb7 18. Qh4 h6 19. Rhg1 f5 20. Qf2 Nxd5 21. Bxf5 Qb6 22. Qxb6 Nxb6 23. Rxd6 Nc4 24. Rd4 Kg7 25. g5 Rad8 26. gxh6+ Kxh6 27. Rxd8 Rxd8 28.
Bd3 Rd4 29. Rg4 Ne3 30. Rh4+ Kg7 31.
Kd2 Nd5 32. Rh7+ Kg8 33. Rh6 Rxf4 34.
Ke2 Kg7 35. Rh7+ Kg8 36. Rh6 Kg7 37.
Rh7+ Kf6 38. a3 Ke7 39. b3 Rf6 40. Kd2 Nf4 41. Bf1 Rd6+ 42. Ke3 Rd1 43. Bxb5 Nd5+ 44. Ke2 Nc3+ 0-1

[Variant "Standard"]
[Site "Europe Echecs"]

[Event "Open Cappelle-la-Grande"]
[Date "2025.02.19"]
[White "Boyer, Mahel"]
[Black "Dionisi, Thomas"]
[WhiteElo "2509"]
[BlackElo "2400"]
[Round "6.6.7"]
[Result "1-0"]
[TimeControl "40/5400+30:1800+30"]

1. e4 c5 2. Nf3 Nf6 3. e5 Nd5 4. Nc3 e6 5. Ne4 f5 6. Nc3 Nb4 7. Bc4 a6 8. a3 N4c6 9. d3 b5 10. Ba2 Nd4 11. Nxd4 cxd4 12. Ne2 Nc6 13. c3 Nxe5 14. cxd4 Ng6 15. h4 Bd6 16. Bg5 Ne7 17. h5 h6 18. Bf4 Qb6 19. Qd2 Bb7 20. Bxd6 Qxd6 21. Qf4 Qxf4 22. Nxf4 Kf7 23. f3 Bd5 24. Bxd5 Nxd5 25. Nxd5 exd5 26. Kd2 Rac8 27. a4 bxa4 28. Rxa4 Rc6 29. Ra5 Rb8 30. Rb1 Ke6 31. b4 d6 32. Ke3 Rb5 33. Kf4 Rxa5 34. bxa5 Rc3 35. Ke3 Ra3 36. Rb7 Kf6 37. Rd7 Rxa5 38. Kf4 Ra2 39. Rxd6+ Kf7 40. Rg6 Rd2 41. Kxf5 Rxd3 42. Ke5 Ra3 43. Rc6 a5 44. Rc7+ Kf8 45. Kxd5 a4 46. Rc4 Ra1 47. Kc6 a3 48. d5 a2 49. Rc2 Ke7 50. d6+ Kd8 51. g4 Kc8 52. f4 Kd8 53. g5 hxg5 54. fxg5 Kc8 55. g6 Kd8 56. h6 gxh6 57. g7 Rg1 58. Rxa2 1-0

[Variant "Standard"]
[Site "Europe Echecs"]

[Event "Open Cappelle-la-Grande"]
[Date "2025.02.19"]
[White "Akhvlediani, Irakli"]
[Black "Suleymenov, Alisher"]
[WhiteElo "2369"]
[BlackElo "2481"]
[Round "6.6.8"]
[Result "1/2-1/2"]
[TimeControl "40/5400+30:1800+30"]

1. c4 e5 2. Nc3 Nf6 3. g3 d5 4. cxd5 Nxd5 5. Bg2 Nf6 6. Nf3 Nc6 7. d3 h6 8. O-O Bd6 9. b3 O-O 10. Bb2 Re8 11. Nd2 Be6 12. Bxc6 bxc6 13. Rc1 Bh3 14. Re1 Bc5 15. Nce4 Bb6 16. Qc2 Re6 17. Nc5 Ng4 18. Nde4 Rg6 19. Qc4 h5 20. e3 h4 21. f3 Bxc5 22. fxg4 Bb6 23. Nf2 hxg3 24. hxg3 Qc8 25. Bxe5 Bxg4 26. Nxg4 Rxg4 27. Qxc6 Rg6 28. Qf3 c6 29. Kg2 Qa6 30. Rxc6 Rxc6 31. Qxc6 Rc8 32. Qe4 Qxa2+ 33. Kf3 Rc2 34. Qa8+ Kh7 35. Qe4+ Kg8 36. Qa8+ Kh7 37. Rh1+ Kg6 38. Kg4 f5+ 39. Kh3 Qxb3 40. Qf8 Qf7 41. Qxf7+ Kxf7 42. Bd4 Bxd4 43.
exd4 Rd2 44. Ra1 g5 45. Rxa7+ Kg6 46.
Ra6+ Kh5 47. g4+ fxg4+ 48. Kg3 Rxd3+ 49.
Kg2 Rxd4 50. Kg3 Rd3+ 51. Kg2 Rd2+ 1/2-1/2

[Variant "Standard"]
[Site "Europe Echecs"]

[Event "Open Cappelle-la-Grande"]
[Date "2025.02.19"]
[White "Flom, Gabriel"]
[Black "Degraeve, Remy"]
[WhiteElo "2455"]
[BlackElo "2371"]
[Round "6.6.9"]
[Result "1/2-1/2"]
[TimeControl "40/5400+30:1800+30"]

1. d4 d5 2. c4 e6 3. Nc3 Nf6 4. cxd5 exd5 5. Bg5 Be6 6. e3 Nbd7 7. Bd3 c6 8. h3 Be7 9. Qc2 Nh5 10. Bxe7 Qxe7 11. g4 Nhf6 12. Nge2 Nb6 13. O-O-O O-O-O 14. Kb1 Kb8 15. Nc1 Ne8 16. Nb3 h5 17. f3 Bc8 18. Qf2 Nd6 19. Nc5 Ka8 20. b3 g6 21. a4 Nd7 22. Nxd7 Bxd7 23. a5 Rde8 24. Rhe1 hxg4 25. hxg4 Qh4 26. Qb2 Qg3 27. Qa3 Nc8 28. a6 b6 29. e4 Qxf3 30. Rf1 Qxg4 31. exd5 Qxd4 32. dxc6 Bxc6 33. Qb2 Qe5 34. Bb5 Be4+ 35. Nxe4 Qxb5 36. Nc5 bxc5 37.
Qg2+ Kb8 38. Qg3+ Ka8 39. Qg2+ Kb8 40.
Qg3+ Ka8 41. Qg2+ Kb8 42. Qg3+ Ka8 1/2-1/2

[Variant "Standard"]
[Site "Europe Echecs"]

[Event "Open Cappelle-la-Grande"]
[Date "2025.02.19"]
[White "Johnson, Donald"]
[Black "Duboue, Peio"]
[WhiteElo "2337"]
[BlackElo "2440"]
[Round "6.6.10"]
[Result "1/2-1/2"]
[TimeControl "40/5400+30:1800+30"]

1. e4 c6 2. d4 d5 3. exd5 cxd5 4. Bd3 Nc6 5. c3 Qc7 6. h3 Nf6 7. Ne2 e5 8. dxe5 Nxe5 9. O-O Nxd3 10. Qxd3 Be7 11. Bg5 O-O 12. Nf4 Qe5 13. Bxf6 Bxf6 14. Nxd5 Bf5 15. Nxf6+ Qxf6 16. Qf3 Rad8 17. Re1 Qb6 18. Qxf5 Qxb2 19. Nd2 Qxd2 20. Re7 Qxc3 21. Rb1 g6 22. Qf4 Rd4 23. Qc1 Qxc1+ 24. Rxc1 Rb8 25. g3 Rd6 26. Rcc7 Rf6 27. h4 h5 28. Kf1 Rd8 29. Ke2 Rdd6 30. Rxb7 Rde6+ 31. Kf1 Rxe7 32. Rxe7 Ra6 33. Re2 Kg7 34. Kg2 Ra3 35. Kf1 Kf6 36. Kg2 a5 37. Kf1 Kf5 38. Kg2 Rc3 39. Re7 Kf6 40. Re4 Ra3 41. Re2 Ra4 42. Kf3 Kf5 43. Re7 f6 44. Re2 g5 45. hxg5 fxg5 46. Rc2 Re4 47. Rc5+ Re5 48. Rc4 g4+ 49. Kg2 Ke6 50. Rd4 Rf5 51. Kf1 Ke5 52. Ra4 Kd6 53. Ke2 Kc6 54. Re4 Kd5 55. Ra4 Kc6 56. Re4 Kb5 57. Ke1 a4 58. Ke2 Ka5 59. a3 Kb5 60. Rb4+ Ka5 61. Re4 Kb5 62. Rb4+ Ka5 1/2-1/2

[Variant "Standard"]
[Site "Europe Echecs"]

[Event "Open Cappelle-la-Grande"]
[Date "2025.02.19"]
[White "Barp, Alberto"]
[Black "Belkaid, Sohan"]
[WhiteElo "2437"]
[BlackElo "2370"]
[Round "6.6.11"]
[Result "0-1"]
[TimeControl "40/5400+30:1800+30"]

1. d4 d5 2. c4 e6 3. Nf3 Nf6 4. g3 Be7 5. Bg2 O-O 6. O-O dxc4 7. Qa4 b6 8. Ne5 Qxd4 9. Bxa8 Qxe5 10. Bf3 Nd5 11. Qxc4 Ba6 12. Qa4 c5 13. Na3 Qc7 14. Bf4 Qc6 15. Qc2 b5 16. Rfd1 Bb7 17. Qd2 Qb6 18. Nc2 Nc6 19. Bxd5 Rd8 20. Rac1 exd5 21. Ne1 d4 22. Nf3 c4 23. a3 h6 24. h4 a5 25. a4 Bf6 26. axb5 Qxb5 27. Qc2 Ba6 28. Qe4 Bb7 29. Qc2 Ba6 30. Qe4 a4 31. g4 Bb7 32. Qf5 Rd5 33. Qc2 Na5 34. Bd2 c3 35. Be1 Qd7 36. Nh2 d3 37. exd3 cxb2 38. Rb1 a3 39. Bb4 a2 40. Rxb2 Bxb2 41. Qxb2 Rxd3 42. Re1 Rb3 43. Qxa2 Rxb4 44. Qxa5 Rxg4+ 0-1

[Variant "Standard"]
[Site "Europe Echecs"]

[Event "Open Cappelle-la-Grande"]
[Date "2025.02.19"]
[White "Iglesias, Yosha"]
[Black "Nikolov, Momchil"]
[WhiteElo "2300"]
[BlackElo "2433"]
[Round "6.6.12"]
[Result "0-1"]
[TimeControl "40/5400+30:1800+30"]

1. d4 Nf6 2. Nf3 d5 3. c4 e6 4. cxd5 exd5 5. Nc3 c6 6. Qc2 Be7 7. Bg5 g6 8. e3 Bf5 9. Bd3 Bxd3 10. Qxd3 Nbd7 11. Bh6 Ng4 12. Bf4 O-O 13. h3 Ngf6 14. O-O Re8 15. Qc2 Nb6 16. Bh2 Bd6 17. Ne5 Nbd7 18. Nd3 Bxh2+ 19. Kxh2 Nb6 20. Kg1 Nc4 21. Nc5 Nd6 22. b4 b6 23. Nd3 Nc4 24. a4 Rc8 25. Qa2 Qd6 26. Rfd1 h5 27. b5 cxb5 28. Nxb5 Qe7 29. Na3 Ne4 30. Rdc1 Nxa3 31. Qxa3 Qxa3 32. Rxa3 Rxc1+ 33. Nxc1 Rc8 34. Nd3 a5 35. Ra1 Nc3 36. Nf4 Rc4 37. h4 Kf8 38. Rc1 Nxa4 39. Rb1 Rb4 40. Rc1 Rb5 41. Rc7 Nb2 42. Kf1 a4 43. Ra7 Ra5 44. Rxa5 bxa5 45. Ne2 a3 46. Nc1 Nd3 47. Nb3 a2 48. Na1 a4 0-1

[Variant "Standard"]
[Site "Europe Echecs"]

[Event "Open Cappelle-la-Grande"]
[Date "2025.02.19"]
[White "Sorensen, Hampus"]
[Black "Gatineau, Yovann"]
[WhiteElo "2430"]
[BlackElo "2358"]
[Round "6.6.13"]
[Result "1-0"]
[TimeControl "40/5400+30:1800+30"]

1. e4 e5 2. Nf3 Nc6 3. Bb5 a6 4. Ba4 Nf6 5. d3 d6 6. c3 g6 7. Nbd2 Bd7 8. Nf1 Bg7 9. Ng3 O-O 10. O-O Re8 11. Re1 h6 12. h3 d5 13. Bc2 Be6 14. Bd2 Qd6 15. a4 Rad8 16. a5 Nd7 17. b4 d4 18. cxd4 Nxd4 19. Nxd4 Qxd4 20. Rb1 Qd6 21. Ne2 Nb8 22. b5 f5 23. exf5 Bxf5 24. Qc1 axb5 25. Bxh6 c6 26. Ng3 Rf8 27. Bg5 Rde8 28. Ne4 Qd4 29. Be3 Qd8 30. Bc5 Qxa5 31. Bxf8 Rxf8 32. Nd6 Qd8 33. Nxb7 Qh4 34. Qe3 Bh6 35. Qxe5 Bg7 36. Qg3 Qd4 37. Nd6 Nd7 38. Nxf5 gxf5 39. Bb3+ Kh7 40. Qf3 Ne5 41. Qh5+ Bh6 42. Be6 1-0

[Variant "Standard"]
[Site "Europe Echecs"]